Map: Shrines of Lizul

Players

elmacho

  • Race: Terran Terran
  • Spawn Location: 3:00

ATxDJFLECHA

  • Race: Protoss Protoss
  • League: Platinum
  • Spawn Location: 12:00

MonstroTown - Winner!

  • Race: Terran Terran
  • Spawn Location: 9:00

Michael - Winner!

  • Race: Zerg Zerg
  • League: Gold
  • Spawn Location: 6:00

VOD

Have the link to the VOD?

Description

Time

  • Played on: Sept. 16, 2018, 11:49 a.m.
  • Length: 7:28
Show
View Real Time Build Order
Export as new Build Order

elmacho Terran 

Build Orders:  

Get SALT Encoding   

  12  0:04  SCV  
  13  0:16  SCV  
  13  0:20  Supply Depot  
  14  0:28  SCV  
  15  0:43  Barracks  
  15  0:44  SCV  
  15  0:49  Refinery  
  16  0:56  SCV  
  17  1:08  SCV  
  17  1:11  Supply Depot  
  18  1:13  Refinery  
  18  1:20  SCV  
  19  1:32  SCV  
  20  1:42  Marine  
  20  1:45  Orbital Command  
  21  1:50  Factory  
  21  2:11  SCV  
  22  2:20  Marine  
  22  2:26  SCV  
  23  2:36  Hellion  
  25  2:38  SCV, Supply Depot  
  25  2:42  Marine  
  27  2:57  Hellion  
  29  3:00  Marine  
  30  3:06  SCV  
  30  3:08  Supply Depot  
  31  3:18  SCV  
  32  3:23  Barracks Tech Lab  
  32  3:24  Factory Tech Lab  
  32  3:39  Command Center  
  32  3:42  Marauder  
  32  3:44  Siege Tank  
  37  3:51  SCV  
  38  3:55  Barracks  
  38  3:56  Engineering Bay  
  36  4:12  Marine  
  31  4:30  Siege Tank  
  31  4:31  Marauder  
  34  4:39  Bunker  
  34  4:40  Concussive Shells  
  34  4:52  Marauder  
  32  5:23  Marauder, Marine  
  35  5:40  Siege Tank  
  37  5:43  Marine x2  
  27  6:00  Marine  
  28  6:10  SCV  
  29  6:11  Starport  
  29  6:12  Missile Turret  
  29  6:14  Siege Tank  
  29  6:17  Starport  
  32  6:20  Marauder  
  32  6:23  SCV  
  35  6:27  Barracks Reactor  
  33  6:41  Marauder  
  33  6:46  Siege Tank  
  38  6:50  Medivac  
  39  6:54  Supply Depot  
  39  6:55  Medivac  
  37  7:25  Supply Depot  
Show
View Real Time Build Order
Export as new Build Order

ATxDJFLECHA Protoss 

Build Orders:  

Get SALT Encoding   

  1  0:00  Probe  
  12  0:06  Probe  
  14  0:16  Probe  
  15  0:25  Pylon  
  15  0:43  Probe  
  15  0:48  Gateway  
  16  0:50  Assimilator  
  16  0:55  Probe  
  17  1:06  Probe  
  18  1:12  Assimilator  
  18  1:14  Probe  
  19  1:22  Probe  
  20  1:34  Probe  
  20  1:35  Cybernetics Core  
  20  1:39  Pylon  
  21  1:46  Probe  
  22  1:56  Probe  
  23  2:04  Probe  
  24  2:12  Probe  
  24  2:16  Adept  
  27  2:24  Forge  
  27  2:31  Nexus  
  27  2:43  Shield Battery  
  22  3:00  Adept  
  23  3:08  Warp Gate  
  23  3:21  Twilight Council  
  23  3:28  Robotics Facility  
  23  3:29  Gateway  
  23  3:41  Photon Cannon, Probe  
  24  3:50  Probe  
  25  3:58  Charge  
  25  3:59  Probe  
  10  4:46  Zealot  
  8  5:05  Pylon  
  8  5:24  Immortal  
  12  5:35  Zealot  
  14  5:53  Immortal  
  7  6:55  Stalker  
Show
View Real Time Build Order
Export as new Build Order

MonstroTown Terran - Winner!

Build Orders:  

Get SALT Encoding   

  12  0:01  SCV  
  13  0:13  SCV  
  14  0:18  Supply Depot  
  14  0:25  SCV  
  15  0:39  SCV  
  15  0:42  Barracks  
  16  0:51  SCV  
  16  0:55  Barracks  
  17  1:04  SCV  
  18  1:16  SCV, Supply Depot  
  19  1:23  Barracks  
  19  1:29  Marine  
  20  1:44  Marine  
  21  1:47  Marine  
  21  1:50  Barracks  
  22  2:01  Orbital Command  
  22  2:03  Marine  
  22  2:06  Marine  
  24  2:24  Supply Depot, Marine x2  
  24  2:28  SCV  
  24  2:29  Marine  
  28  2:38  Marine  
  28  2:42  Marine x2  
  31  2:58  Marine x2  
  31  3:00  Marine  
  34  3:07  Marine  
  34  3:16  Marine x2  
  34  3:17  Marine  
  36  3:24  Command Center, Supply Depot  
  36  3:30  Marine  
  36  3:34  Marine x2  
  39  3:43  Marine  
  39  3:45  Supply Depot  
  39  3:48  Marine  
  40  4:07  Marine  
  40  4:08  Marine x3  
  32  4:25  Marine x2  
  32  4:26  Marine x2  
  32  4:27  SCV  
  32  4:29  Refinery  
  32  4:30  Refinery  
  37  4:37  Orbital Command  
  37  4:43  Marine x4  
  40  5:01  Marine x4  
  40  5:04  SCV  
  45  5:07  SCV  
  46  5:16  SCV  
  46  5:19  SCV  
  46  5:21  Marine x3  
  46  5:22  Marine  
  49  5:28  SCV  
  48  5:39  Marine x4  
  48  5:45  SCV x2  
  46  5:50  Factory, Engineering Bay  
  46  5:57  SCV, Marine x4  
  47  6:14  Marine  
  47  6:15  Marine  
  47  6:17  Barracks Tech Lab  
  45  6:29  SCV x2  
  45  6:31  Refinery  
  45  6:33  Engineering Bay  
  45  6:34  Supply Depot  
  43  6:42  Barracks Reactor  
  43  6:45  Barracks Reactor  
  43  6:46  Marine x2  
  45  6:47  Starport  
  45  7:05  Marine x2  
  43  7:22  Factory Tech Lab  
Show
View Real Time Build Order
Export as new Build Order

Michael Zerg - Winner!

Build Orders: Pool First 

Get SALT Encoding   

  12  0:01  Drone  
  13  0:13  Overlord  
  13  0:18  Drone  
  14  0:31  Drone x2  
  14  0:35  Drone  
  17  0:36  Extractor  
  16  0:45  Drone  
  17  0:53  Spawning Pool  
  17  0:56  Drone  
  17  1:07  Drone  
  18  1:26  Hatchery  
  18  1:29  Drone  
  18  1:40  Metabolic Boost  
  18  1:48  Queen  
  20  1:55  Zergling x2  
  20  1:56  Zergling x2  
  22  2:02  Overlord  
  22  2:09  Overlord  
  22  2:25  Queen  
  24  2:32  Roach Warren  
  24  2:35  Drone  
  24  2:39  Drone  
  24  2:56  Zergling x2  
  24  2:57  Zergling x6  
  24  2:58  Zergling x2  
  28  3:04  Zergling x2  
  29  3:06  Zergling x2  
  30  3:14  Queen  
  32  3:34  Roach x2  
  34  3:36  Overlord  
  34  3:42  Lair  
  34  3:49  Overlord  
  32  4:10  Roach x4  
  32  4:14  Roach  
  40  4:20  Roach  
  41  4:30  Roach  
  41  4:31  Roach  
  45  4:35  Roach  
  47  4:44  Drone x3  
  50  4:48  Drone  
  51  4:54  Overlord  
  47  5:10  Zergling x10  
  52  5:14  Glial Reconstitution  
  52  5:20  Extractor  
  51  5:21  Drone  
  51  5:22  Drone  
  51  5:25  Drone  
  52  5:36  Zergling x8  
  54  5:53  Roach x3  
  60  6:05  Overlord x2  
  60  6:18  Overlord x3  
  60  6:27  Zergling x6  
  61  6:46  Spire  
  58  6:53  Roach  
  58  6:54  Roach x2  
Tags
 
Add a new tag
Caveats
  • Supply blocks, unpowered buildings, or Contaminate may cause inaccurate times.
  • Supply counts are checked every 10 seconds.